 Dungeon Crawl Stone Soup version 0.23-a0-655-g3751e1c (webtiles) character file.

86 galech the Skirmisher (level 4, -1/35 HPs)
             Began as a Demonspawn Fighter on Jan 7, 2019.
             Was an Initiate of Okawaru.
             Killed by nerve-wracking pain
             ... invoked by an orc priest
              (9 damage)
             ... on level 2 of the Dungeon.
             The game lasted 00:01:26 (887 turns).

galech the Skirmisher (Demonspawn Fighter)           Turns: 887, Time: 00:01:27

Health: -1/35      AC: 10    Str: 19    XL:     4   Next: 27%
Magic:  4/4        EV:  7    Int: 12    God:    Okawaru [......]
Gold:   94         SH:  9    Dex: 13    Spells: 3/3 levels left

rFire    + . .     SeeInvis .   a - +0 war axe
rCold    + . .     Gourm    .   c - +0 shield
rNeg     . . .     Faith    .   b - +0 scale mail
rPois    +         Spirit   .   (no helmet)
rElec    +         Reflect  .   (no cloak)
rCorr    +         Harm     .   (no gloves)
MR       .....                  (no boots)
Stlth    ..........             l - amulet of rage
HPRegen  0.11/turn              n - +3 ring of strength
MPRegen  0.09/turn              (no ring)

@: lethally poisoned (-1 -> -8), resistant, hasted, very quick
A: slimy green scales 3, blink, clever 1
a: Blink, Renounce Religion, Evoke Berserk Rage


You were on level 2 of the Dungeon.
You worshipped Okawaru.
Okawaru was noncommittal.
You were not hungry.

You visited 1 branch of the dungeon, and saw 2 of its levels.

You collected 94 gold pieces.

Inventory:

Hand Weapons
 a - a +0 war axe (weapon)
Armour
 b - a +0 scale mail (worn)
 c - a +0 shield (worn)
 q - a +2 robe of resistance
Jewellery
 l - an amulet of rage (around neck)
 n - a +3 ring of strength (left hand)
 p - an uncursed ring of stealth
Scrolls
 k - a scroll of identify {unknown}
Potions
 d - a potion of might
 h - a potion of brilliance {unknown}
 i - a potion of heal wounds {unknown}
 j - a potion of lignification {unknown}
 m - 2 potions of haste
Comestibles
 f - 4 rations
 o - a chunk of flesh


   Skills:
 + Level 3.5 Fighting
 + Level 2.9 Axes
 + Level 2.9 Armour
 + Level 0.2 Dodging
 + Level 3.2 Shields


You had 3 spell levels left.
You didn't know any spells.
Your spell library was empty.

Dungeon Overview and Level Annotations

Branches:
Dungeon (2/15)

Altars:
Okawaru


Innate Abilities, Weirdness & Mutations

You are completely covered in slimy green scales. (AC +4, rPois)
You can translocate small distances at will.
Your mind is acute. (Int +2)


Message History

You block the orc priest's attack. The orc wizard closely misses you.
It was a potion of mutation.
You feel extremely strange.
Slimy green scales cover your body completely.
You feel jittery.
You feel clever.
You feel sick.
The orc priest hits you but does no damage.
You block the orc wizard's attack.
Your shield and scale mail prevent you from hitting the orc priest.
The orc priest is heavily wounded.
You hit the orc wizard.
You feel sick.
The orc priest hits you with a +4 short sword.
The orc wizard casts a spell at you. The magic dart hits you!
You block the orc priest's attack.
Unknown command.
It was a potion of haste.
You feel yourself speed up.
The orc wizard hits you with a +2 dagger of venom.
* * * LOW HITPOINT WARNING * * *
The orc priest calls down the wrath of Beogh upon you.
Pain shoots through your body!
You die...

##### #.####..## ...#
#>##....÷# ...#
#......... #≈ ..#
#..##...## ≈≈ .K##
#..#.....# ≈# ≈# #o.
#....._... ≈≈≈ ≈ #o#
#.# #..#.....# #≈≈≈#≈
#o# #.# #..##...##
≈≈≈≈≈≈##@###.#
#.........
#≈≈≈≈o...#.#
#.##.....#
#≈≈###..#.#.#
#.##.#####
.≈≈##....#.#.# #.##.#
.........#.#.###.##.
.....###...#.#.#.##.#
##
.########........##.#
#. #.......###.#.##.#
##. #.####[##
#.#>##.###..


You could see an orc priest, an orc wizard, 2 orcs and a kobold.

Vanquished Creatures
  A crimson imp (D:2)
  Jessica (D:2)
  An ooze (D:1)
  2 dart slugs (D:1)
  A leopard gecko (D:2)
  5 goblins
  A kobold (D:1)
  A quokka (D:2)
  4 frilled lizards
  4 rats
21 creatures vanquished.

Notes
Turn   | Place    | Note
-------+----------+-------------------------------------------
     0 | D:1      | galech the Demonspawn Fighter began the quest for the Orb.
     0 | D:1      | Reached XP level 1. HP: 18/18 MP: 1/1
   316 | D:1      | Gained mutation: You are partially covered in slimy green
                  | scales. (AC +2) [demonic ancestry]
   316 | D:1      | Reached XP level 2. HP: 21/24 MP: 2/2
   558 | D:2      | Noticed a crimson imp
   645 | D:2      | Killed a crimson imp
   645 | D:2      | Reached XP level 3. HP: 15/29 MP: 3/3
   819 | D:2      | Found an iron altar of Okawaru.
   820 | D:2      | Noticed Jessica
   827 | D:2      | Killed Jessica
   827 | D:2      | Gained mutation: You are mostly covered in slimy green
                  | scales. (AC +3) [demonic ancestry]
   827 | D:2      | Reached XP level 4. HP: 30/35 MP: 4/4
   847 | D:2      | Became a worshipper of Warmaster Okawaru
   885 | D:2      | Gained mutation: You are completely covered in slimy green
                  | scales. (AC +4, rPois) [potion of mutation]
   885 | D:2      | Gained mutation: You can translocate small distances at
                  | will. [potion of mutation]
   885 | D:2      | Gained mutation: Your mind is acute. (Int +2) [potion of
                  | mutation]
   887 | D:2      | Killed from afar by an orc priest

Vault maps used:
D:1:      onia_arrival_pyramid
D:2:      marbit_many_paths, lemuel_zombie_altar_kikubaaqudgha, first_ration,
          hangedman_decor_growths, chequers_serial_rivers_room_a, minivault_4,
          okawaru_gym_becter, uniq_robin, uniq_jessica

Skill      XL: |  1  2 |
---------------+-------+-----
Shields        | 3 |  3.2
Axes           | 2 |  2.9
Fighting       | |  3.5
Armour         | |  2.9
Dodging        | |  0.2

Action                   |  1- 3 |  4- 6 || total
-------------------------+-------+-------++-------
Melee: War axe           |    96 |    14 ||   110
  Use: Potion            |       |     3 ||     3
Armor: Scale mail        |    51 |     5 ||    56
Dodge: Dodged            |    27 |     4 ||    31
Block: Shield            |    42 |    12 ||    54

Table legend:
 A = Non-vault XP
 B = Vault XP
 C = Vault XP percentage of total XP
 D = Non-vault monster count
 E = Vault monster count
 F = Vault count percentage of total count
                 A         B        C        D         E       F
            +---------+---------+-------+---------+---------+-------
      Total |      87 |      37 |  29.8 |      20 |       1 |   4.8
            +---------+---------+-------+---------+---------+-------
        D:1 |      23 |       0 |   0.0 |       9 |       0 |   0.0
        D:2 |      64 |      37 |  36.6 |      11 |       1 |   8.3
            +---------+---------+-------+---------+---------+-------
